 Seeded DCSS version 0.30.0-19-g36f170ea60 (webtiles) character file.

Game seed: 6351066067085065685 (custom seed)

1183 Esekla the Magician (level 8, -1/43 HPs)
             Began as a Deep Elf Necromancer on May 28, 2023.
             Was a Believer of Vehumet.
             Slain by a lemure (3 damage)
             ... led by Pikel
             ... on level 6 of the Dungeon on May 29, 2023.
             The game lasted 00:27:05 (5502 turns).

Esekla the Magician (Deep Elf Necromancer)          Turns: 5502, Time: 00:27:06

Health: -1/43      AC:  4    Str:  5    XL:     8   Next: 19%
Magic:  10/20      EV: 11    Int: 23    God:    Vehumet [**....]
Gold:   314        SH:  0    Dex: 15    Spells: 11/21 levels left

rFire   . . .        c - +2 dagger (vamp)
rCold   . . .        (no shield)
rNeg    . . .        a - +0 robe
rPois   .            v - +0 helmet
rElec   .            (no cloak)
rCorr   .            t - +0 pair of gloves
SInv    .            (no boots)
Will    .....        C - amulet of magic regeneration
Stlth   +++          (no ring)
HPRegen 0.27/turn    (no ring)
MPRegen 0.57/turn

%: no passive effects
@: grasped by roots, constricted
A: no striking features
a: Renounce Religion


You were on level 6 of the Dungeon.
You worshipped Vehumet.
Vehumet was pleased with you.
You visited 1 branch of the dungeon, and saw 6 of its levels.

You collected 314 gold pieces.

Inventory:

Hand Weapons
 c - a +2 vampiric dagger (weapon)
 r - a +0 trident
Missiles
 l - 24 poisoned darts (quivered)
 y - a throwing net
Armour
 a - a +0 robe (worn)
 t - a +0 pair of gloves (worn)
 v - a +0 helmet (worn)
Jewellery
 C - an amulet of magic regeneration (around neck)
Wands
 m - a wand of roots (16)
 D - a wand of flame (13)
Scrolls
 e - 3 scrolls of fear {unknown}
 f - 5 scrolls of identify {unknown}
 j - 2 scrolls of fog {unknown}
 n - 2 scrolls of blinking {unknown}
 p - a scroll of enchant armour {unknown}
 q - 2 scrolls of amnesia {unknown}
 s - a scroll of immolation {unknown}
 w - a scroll of summoning {unknown}
 x - a scroll of magic mapping {unknown}
 A - a scroll of silence {unknown}
 B - 3 scrolls of enchant weapon {unknown}
 E - a scroll of teleportation {unknown}
Potions
 b - a potion of magic
 d - 2 potions of ambrosia {unknown}
 g - 2 potions of heal wounds {unknown}
 h - 2 potions of attraction {unknown}
 i - 6 potions of curing {unknown}
 k - 3 potions of brilliance {unknown}
 o - a potion of haste {unknown}
 u - a potion of mutation {unknown}
 z - a potion of lignification {unknown}


   Skills:
 + Level 1.3 Fighting
 + Level 2.2 Short Blades
 + Level 0.3 Throwing
 * Level 5.1 Dodging
 + Level 4.2 Stealth
 * Level 7.1 Spellcasting
 * Level 2.6 Conjurations
 + Level 6.4 Necromancy
 * Level 1.9 Translocations
 * Level 0.5 Fire Magic
 * Level 3.0 Air Magic


You had 11 spell levels left.
You knew the following spells:

 Your Spells              Type           Power      Damage    Failure   Level
a - Necrotise             Necr           100%       1d9       1%          1
b - Shock                 Conj/Air       84%        1d8       2%          1
d - Vampiric Draining     Necr           38%        2d8       1%          3
o - Scorch                Fire           20%        2d5       10%         2
t - Teleport Other        Tloc           17%        N/A       10%         3

Your spell library contained the following spells:

 Spells                   Type           Power      Damage    Failure   Level
 Lesser Beckoning         Tloc           34%        N/A       4%          2
 Animate Dead             Necr           38%        N/A       5%          4
 Gell's Gravitas          Tloc           17%        N/A       10%         3
 Agony                    Necr           38%        N/A       14%         5
 Spider Form              Tmut/Pois      8%         N/A       22%         3
 Cause Fear               Hex            4%         N/A       58%         4
 Summon Mana Viper        Hex/Summ       8%         N/A       91%         5


Dungeon Overview and Level Annotations

Branches:
Dungeon (6/15)
 Temple: D:4-7

Altars:
Dithmenos
Fedhas
Hepliaklqana
Okawaru
Qazlal
Trog
Vehumet
Zin
The Shining One

Shops:
D:2 =   D:4 (

Annotations:
D:6 Pikel


Message History

Press: ? - help, Shift-Dir - straight line, f - Pikel
Aim: Pikel, wielding a +1 whip of flaming, wearing a +0 robe and carrying a wand of roots (6) (lightly wounded)
You draw life force from Pikel!
You feel life coursing into your body.
Pikel hits you with a +1 whip of flaming.
Pikel burns you. The grasping roots constrict you.
Casting: Vampiric Draining (safe; 1% risk of failure)
Confirm with . or Enter, or press ? or * to list all spells.
Aiming: Vampiric Draining (safe; 1% risk of failure)
Press: ? - help, Shift-Dir - straight line, f/p - Pikel
Aim: Pikel, wielding a +1 whip of flaming, wearing a +0 robe and carrying a wand of roots (6) (moderately wounded)
You draw life force from Pikel.
You feel life coursing into your body.
Pikel hits you with a +1 whip of flaming!
Pikel burns you. The grasping roots constrict you.
Casting: Vampiric Draining (safe; 1% risk of failure)
Confirm with . or Enter, or press ? or * to list all spells.
Aiming: Vampiric Draining (safe; 1% risk of failure)
Press: ? - help, Shift-Dir - straight line, f/p - Pikel
Aim: Pikel, wielding a +1 whip of flaming, wearing a +0 robe and carrying a wand of roots (6) (moderately wounded)
You draw life force from Pikel.
You feel life coursing into your body.
Pikel hits you with a +1 whip of flaming!
* * * LOW HITPOINT WARNING * * *
Pikel burns you.
* * * LOW HITPOINT WARNING * * *
The grasping roots constrict you.
* * * LOW HITPOINT WARNING * * *
The grasping roots release their grip on you.
Casting: Vampiric Draining (safe; 1% risk of failure)
Confirm with . or Enter, or press ? or * to list all spells.
Aiming: Vampiric Draining (safe; 1% risk of failure)
Press: ? - help, Shift-Dir - straight line, f/p - Pikel
Aim: Pikel, wielding a +1 whip of flaming, wearing a +0 robe and carrying a wand of roots (6) (heavily wounded)
You draw life force from Pikel!
You feel life coursing into your body.
Pikel zaps a wand.
The roots erupt in riotous growth!
The grasping roots grab you!
The lemure is unaffected.
Pikel is unaffected.
The grasping roots constrict you!
* * * LOW HITPOINT WARNING * * *
A lemure comes into view.
The lemure hits you.
You die...

#...# ##.## #.#
.# #.# # ##.###
#5 ......
#5#######....
#.55K#.....#
#@.#.....#
#..#..##.#
##....##.######
#..#.........#
#..####.####.#
#.......#
#.......#
######.## #)#


You could see Pikel and 4 lemures.

Vanquished Creatures
  An ice beast (D:6)
  2 black bears
  An ogre (D:5)
  A kobold brigand (D:6)
  2 scorpions (D:5)
  A gnoll bouda (D:4)
  4 hounds
  A jelly (D:6)
  A sleepcap (D:5)
  5 iguanas
  12 gnolls
  9 adders
  2 white imps
  A worm (D:4)
  3 dart slugs
  11 orcs
  6 ball pythons
  4 endoplasms
  8 goblins
  5 hobgoblins
  A quokka (D:1)
  4 bats
  4 frilled lizards
  12 kobolds
  A rat (D:2)
102 creatures vanquished.

Notes
Turn   | Place    | Note
-------+----------+-------------------------------------------
     0 | D:1      | Esekla the Deep Elf Necromancer began the quest for the
                  | Orb.
     0 | D:1      | Reached XP level 1. HP: 10/10 MP: 6/6
   222 | D:1      | Reached XP level 2. HP: 14/15 MP: 8/8
   247 | D:1      | Reached skill level 5 in Necromancy
   383 | D:4      | Found a radiant altar of Vehumet.
   387 | D:4      | Became a worshipper of Vehumet
   823 | D:1      | Reached XP level 3. HP: 4/20 MP: 9/9
   827 | D:1      | Learned a level 3 spell: Vampiric Draining
  1347 | D:2      | Reached skill level 1 in Short Blades
  1509 | D:2      | Noticed a black bear
  1519 | D:2      | Killed a black bear
  1520 | D:2      | Reached skill level 4 in Spellcasting
  1520 | D:2      | Reached XP level 4. HP: 22/24 MP: 4/12
  1520 | D:2      | Reached XP level 5. HP: 25/28 MP: 4/13
  1904 | D:2      | Found a faded altar of an unknown god.
  2001 | D:2      | Found Renulab's Jewellery Shop.
  2343 | D:3      | Found a stormy altar of Qazlal.
  2346 | D:3      | Found a hazy altar of Hepliaklqana.
  2346 | D:3      | Found a bloodstained altar of Trog.
  2366 | D:3      | Reached skill level 5 in Spellcasting
  2508 | D:3      | Reached * piety under Vehumet
  2508 | D:3      | Offered knowledge of Shock by Vehumet.
  2511 | D:3      | Learned a level 1 spell: Shock
  2724 | D:3      | Identified the +5 rapier of the Hero {heavy, rN+ Dex+3}
  3086 | D:4      | Reached XP level 6. HP: 24/33 MP: 5/15
  3169 | D:5      | Entered Level 5 of the Dungeon
  3174 | D:5      | Reached skill level 1 in Fighting
  3250 | D:5      | Got the Parchment of the Lumpy Olives
  3344 | D:5      | Reached skill level 1 in Air Magic
  3605 | D:4      | Reached skill level 1 in Conjurations
  3791 | D:4      | Found a glowing silver altar of Zin.
  3803 | D:4      | Found an iron altar of Okawaru.
  3822 | D:4      | Found a glowing golden altar of the Shining One.
  3940 | D:4      | Found Ponaysk's Antique Weapon Boutique.
  4136 | D:5      | Reached XP level 7. HP: 38/38 MP: 17/17
  4212 | D:5      | Found a shadowy altar of Dithmenos.
  4314 | D:5      | Reached skill level 1 in Translocations
  4430 | D:5      | Learned a level 3 spell: Teleport Other
  4570 | D:5      | Reached skill level 6 in Spellcasting
  5227 | D:6      | Reached ** piety under Vehumet
  5258 | D:6      | Noticed Pikel
  5306 | D:6      | Reached XP level 8. HP: 40/43 MP: 17/20
  5351 | D:6      | Offered knowledge of Scorch by Vehumet.
  5359 | D:6      | Learned a level 2 spell: Scorch
  5382 | D:6      | Reached skill level 5 in Dodging
  5415 | D:6      | Reached skill level 7 in Spellcasting
  5427 | D:6      | Found a blossoming altar of Fedhas.
  5502 | D:6      | HP: 2/43 [constriction (7)]
  5502 | D:6      | Slain by a lemure

Illustrated notes

Levels and vault maps discovered:
D:1:      sevenhm_arrival_forest_fort_small_3, layout_rooms,
          chequers_serial_rivers_room_b, minmay_misc_feat_five
D:2:      layout_loops_ring, dreamdust_ecumenical_altar_angels_and_demons,
          serial_shops, shop
D:3:      layout_basic, grunt_temple_overflow_open, minmay_misc_feat_iff
D:4:      layout_basic, nicolae_overflow_quartered_altars, serial_shops,
          nicolae_diamond_shop
D:5:      layout_loops_ring, lemuel_doored_altar, minmay_misc_feat_rows,
          dreamdust_wishing_well
D:6:      layout_loops_cross, fedhas_altar_fruit_tree,
          minmay_temple_entry_glass, uniq_pikel, uniq_blork_the_orc

Skill      XL: |  1  2  3  4  5  6  7  8 |
---------------+-------------------------+-----
Necromancy     | 5 6 |  6.4
Stealth        | 3 4 |  4.2
Dodging        | 3 4 5 |  5.1
Short Blades   | 1 2 |  2.2
Spellcasting   | 4 5 6 7 |  7.1
Fighting       | 1 |  1.3
Air Magic      | 1 2 3 |  3.0
Conjurations   | 1 2 |  2.6
Translocations | 1 |  1.9
Throwing       | |  0.3
Fire Magic     | |  0.5

Action                     |  1- 3 |  4- 6 |  7- 9 || total
---------------------------+-------+-------+-------++-------
  Melee: Unarmed           |     9 |       |       ||     9
         Short sword       |     6 |       |       ||     6
         Dagger            |    64 |   101 |   111 ||   276
         Rapier            |       |    14 |       ||    14
         Punch             |       |     1 |     3 ||     4
  Throw: Dart              |       |    10 |     9 ||    19
   Cast: Vampiric Draining |    10 |    31 |    28 ||    69
  Evoke: Wand              |       |       |     2 ||     2
   Stab: Sleeping          |     2 |     8 |     4 ||    14
         Distracted        |     1 |       |       ||     1
 Armour: Robe              |    14 |    16 |    18 ||    48
  Dodge: Dodged            |    53 |    72 |    70 ||   195
